← All builds
Suicide front / Legion / Quick factory / OBSERVED BUILD

Standard suicide front

Legion Suicide front build order · Supreme Isthmus

Quick Bot Lab into Vehicle Plant to project force at middle early with Ballista, Satyr, Decurion and Lance, transitioning into Barrage artillery and an Advanced Metal Extractor as the game develops.

#rush #raid · 55 distinct matches · 26 players · 77% of Legion Suicide front games · team won 59% of 58 · Recently observed

HOW TO PLAY IT

Key timing: Legion Vehicle Plant by 1:01

  1. Take first mex while the bot lab goes down immediately.
  2. Finish the bot lab fast to start producing early bots.
  3. Queue the vehicle plant right after for Ballista and Satyr.
  4. Push Ballista and Barrage to contest middle early.
  5. Transition into an advanced mex once T2 constructor is up.

Phase by phase

TYPICAL OF ITS 55 GAMES
  1. 1
  2. 2
  3. 3
PLAY THE OPENING

Follow the example game's first 6:00 step by step: what to build now, what comes next, and where it goes. At 1× it keeps pace with your own game.

  1. 1

    Up to the Legion Bot Lab

    Economy
    • Metal Extractor2Mex
    Order
    1. Legion Bot LabLegion Bot Lab after 2 mexdone ~0:34, middle half 0:27–0:45

    By 0:18 in all: 2 mex

    The example game in this phase · 1 step
    1. Mex ×2
  2. 2

    Legion Bot Lab to 5:00

    Economy
    • Metal Extractor4Mex
    • Wind Turbine6Wind
    Army
    • Pharos4 Pharos
    Other
    • Radar Tower1 Radar Tower

    Some games also: Legion Construction Bot (45%) · Zagreus (45%) · Legion Construction Vehicle (41%) · Barrage (41%) · con turret (41%)

    By 5:00 in all: 5 mex · 7 wind

    The example game in this phase · 30 steps
    1. Mex
    2. PharosPharos
    3. Mex
    4. Legion Vehicle PlantLegion Vehicle Plantdone 1:27 · typical 0:43
    5. WheelieWheelie
    6. Wind
    7. AlarisAlaris
    8. Wind
    9. AlarisAlaris ×2
    10. DecurionDecurion
    11. BarrageBarrage
    12. Wind
    13. LanceLance
    14. Wind ×2
    15. Legion Construction VehicleLegion Construction Vehicle
    16. DecurionDecurion
    17. BarrageBarrage
    18. Wind
    19. LanceLance
    20. Wind
    21. SapperSapper
    22. Legion Construction VehicleLegion Construction Vehicle
    23. DecurionDecurion
    24. BarrageBarrage
    25. Radar TowerRadar Tower
    26. LanceLance
    27. Legion Construction VehicleLegion Construction Vehicle
    28. Dragon's TeethDragon's Teeth
    29. DecurionDecurion
    30. Dragon's TeethDragon's Teeth ×2
  3. 3

    5:00 to 10:00

    Economy
    • Metal Extractor1Mex
    • Wind Turbine10Wind
    Builders
    • Construction Turret1 Con turret

    Some games also: Radar Tower (48%) · Pharos (43%) · energy storage (41%) · Lance (36%) · Zagreus (33%)

    By 10:00 in all: 6 mex · 19 wind · 1 energy storage · 3 con turret

    The example game in this phase · 110 steps
    1. Dragon's TeethDragon's Teeth
    2. BarrageBarrage
    3. Energy storage
    4. Dragon's TeethDragon's Teeth
    5. LanceLance
    6. Dragon's TeethDragon's Teeth ×3
    7. DecurionDecurion
    8. Dragon's TeethDragon's Teeth ×2
    9. BarrageBarrage
    10. Dragon's TeethDragon's Teeth
    11. Converter
    12. Dragon's TeethDragon's Teeth
    13. Con turret
    14. LanceLance
    15. Dragon's TeethDragon's Teeth ×2
    16. DecurionDecurion
    17. Dragon's TeethDragon's Teeth
    18. Mex
    19. Converter
    20. Dragon's TeethDragon's Teeth ×2
    21. BarrageBarrage
    22. Dragon's TeethDragon's Teeth
    23. Advanced Vehicle PlantAdvanced Vehicle Plantnot finished by 15:00
    24. Dragon's TeethDragon's Teeth
    25. PharosPharos
    26. Converter
    27. Dragon's TeethDragon's Teeth
    28. LanceLance
    29. Dragon's TeethDragon's Teeth
    30. PharosPharos
    31. Converter
    32. Dragon's TeethDragon's Teeth
    33. DecurionDecurion
    34. Dragon's TeethDragon's Teeth
    35. Converter
    36. Radar TowerRadar Tower
    37. Advanced Vehicle PlantAdvanced Vehicle Plantnot finished by 15:00
    38. BarrageBarrage
    39. Dragon's TeethDragon's Teeth
    40. Mex
    41. Dragon's TeethDragon's Teeth
    42. Advanced Vehicle PlantAdvanced Vehicle Plantdone 10:03
    43. LanceLance
    44. Dragon's TeethDragon's Teeth
    45. DecurionDecurion
    46. Converter
    47. Dragon's TeethDragon's Teeth
    48. Mex
    49. Advanced solar
    50. Dragon's TeethDragon's Teeth ×3
    51. BarrageBarrage
    52. LanceLance
    53. Legion Construction VehicleLegion Construction Vehicle
    54. Dragon's TeethDragon's Teeth ×4
    55. Legion Construction VehicleLegion Construction Vehicle
    56. Dragon's TeethDragon's Teeth ×2
    57. Legion Construction VehicleLegion Construction Vehicle
    58. WheelieWheelie
    59. Advanced solar
    60. Dragon's TeethDragon's Teeth
    61. WheelieWheelie ×2
    62. Dragon's TeethDragon's Teeth
    63. WheelieWheelie
    64. Advanced Construction VehicleT2 con vehicle
    65. WheelieWheelie ×2
    66. Dragon's TeethDragon's Teeth
    67. WheelieWheelie
    68. Dragon's TeethDragon's Teeth
    69. WheelieWheelie ×2
    70. Dragon's TeethDragon's Teeth
    71. WheelieWheelie ×3
    72. Dragon's TeethDragon's Teeth
    73. WheelieWheelie
    74. TritonTritonnot finished by 15:00
    75. WheelieWheelie
    76. Dragon's TeethDragon's Teeth
    77. WheelieWheelie
    78. GladiatorGladiatordone 11:39
    79. WheelieWheelie
    80. Dragon's TeethDragon's Teeth
    81. Radar TowerRadar Tower
    82. WheelieWheelie ×2
    83. Dragon's TeethDragon's Teeth
    84. WheelieWheelie
    85. Dragon's TeethDragon's Teeth
    86. WheelieWheelie
    87. GladiatorGladiator
    88. WheelieWheelie
    89. Dragon's TeethDragon's Teeth
    90. Advanced Metal ExtractorT2 mexdone 13:08
    91. WheelieWheelie
    92. Dragon's TeethDragon's Teeth
    93. WheelieWheelie
    94. CiceroRadar jammer
    95. WheelieWheelie
    96. Advanced solar
    97. WheelieWheelie
    98. GladiatorGladiator
    99. WheelieWheelie ×4
    100. Dragon's TeethDragon's Teeth
    101. WheelieWheelie
    102. Dragon's TeethDragon's Teeth
    103. WheelieWheelie ×2
    104. GladiatorGladiator
    105. WheelieWheelie ×2
    106. Advanced Metal ExtractorT2 mex
    107. WheelieWheelie ×2
    108. Advanced Metal ExtractorT2 mex
    109. GladiatorGladiator
    110. Metal storage

Counts are medians over the build's games: half of them build more, half fewer. The example game is RollingBread's (34 OS, 12/09/2026); pick another.

Team trades

IN AT LEAST 30% OF ITS GAMES

You hand over

Nothing regular.

You get

  • Tidal Generator4 Tidal from Pondfirst at 0:11 · in 52% of games
  • Advanced Construction Bot1 T2 con bot from Geo or Techfirst at 7:31 · in 48% of games

How it plays out

Typical game of this build, running totals by minute

Metal produced

010k20k
0:005:0010:0015:00

metal

Enemy metal destroyed

05k10k
0:005:0010:0015:00

metal

Own metal lost

05k10k
0:005:0010:0015:00

metal

58 games.

Show as table
ByMetal produced: This buildEnemy metal destroyed: This buildOwn metal lost: This build
1:0029100
2:0087900
3:00181617250
4:002774459290
5:0038471092625
6:00484418481085
7:00589329401953
8:00727243292701
9:00847448643265
10:00972556044448
11:001112356744806
12:001315861295595
13:001386666067159
14:001569070087755
15:001732675898208
WHAT THE NUMBERS SAY

This aggressive opening wins more often than the role's other lines, with enemy metal destroyed well above own losses by 15:00.

  • + Enemy metal destroyed (9422) nearly doubles own metal lost (8541) by 15:00.
  • + Team wins 58% of games, strongest result among these roles.
  • − Own metal lost climbs fast early, 770 by 5:00 from committing hard.
THE EXAMPLE YOU ARE READING

RollingBread

34.2 OS · 12/09/2026

Open source match ↗

8 received units · includes a constructor
65 metal received · 44136 energy received

Allied construction assistance is unknown. Timings are observations, not a promise of solo reproducibility.

Typical milestones

Legion Bot Lab0:34Middle 50%: 0:27–0:45 · n=33
Legion Vehicle Plant0:43Middle 50%: 0:30–1:02 · n=37

Played most by

XuunnY11games of this build_X_6games of this buildChancho4games of this build[crd]sisa3games of this buildxabre3games of this build